 Dungeon Sprint DCSS version 0.17-a0-2208-ge5ab1d3 (webtiles) character file.

583 esc the Fighter (level 7, 0/89 HPs)
             Began as an Ogre Hunter on Oct 26, 2015.
             Slain by a human
             ... wielding a +0 spear
              (10 damage)
             ... in the Dungeon (Sprint III: "The Ten Rune Challenge").
             The game lasted 00:04:29 (638 turns).

esc the Fighter (Ogre Hunter)                        Turns: 638, Time: 00:04:29

Health: 0/89       AC:  3    Str: 20    XL:     7   Next: 37%
Magic:  7/7        EV: 13    Int: 10    God:
Gold:   38         SH:  0    Dex: 12    Spells: 1 memorised, 4 levels left

rFire  . . .     SeeInvis .     c - +1 short sword
rCold  . . .     Clarity  .     d - +0 robe
rNeg   . . .     SustAt   .     (no shield)
rPois  .         Gourm    .     (helmet unavailable)
rElec  .         Spirit   .     (no cloak)
rCorr  .         Warding  .     (gloves unavailable)
rMut   .         NoTele   +     (boots unavailable)
MR     .....                    (no amulet)
Stlth  +.........               (no ring)
                                (no ring)

@: not resistant to hostile enchantments, very unstealthy
A: unfitting armour, horns 3, strong 1, tough skin 1, subdued magic 1
a: no special abilities


You were in the Dungeon.
You were not hungry.

You visited 1 branch You collected 38 gold pieces.

Inventory:

Hand Weapons
 c - a +1 short sword (weapon)
Armour
 d - a +0 robe (worn)
Scrolls
 k - a scroll of blinking {!r}
 q - 4 scrolls of remove curse
Potions
 f - a potion of curing
 h - a potion of haste
 i - 2 potions of magic
 m - a potion of degeneration {unknown}
 s - 3 potions of cure mutation {!q}
 t - 4 potions of flight
Comestibles
 a - 3 chunks of flesh {@w0}
 e - 2 bread rations {@e1}
 r - a meat ration {@e2}


   Skills:
 + Level 11.8 Fighting
 + Level 9.8 Throwing
 + Level 8.4 Dodging
 - Level 0.7 Stealth


You had 4 spell levels left.
You knew the following spells:

 Your Spells              Type           Power        Failure   Level  Hunger
s - Stoneskin             Trmt/Erth      #.......     45%         2    ###....


Dungeon Overview and Level Annotations

Branches:
Dungeon (1/1)

Altars:
Elyvilon
Kikubaaqudgha
Okawaru
Sif Muna
Trog
Vehumet
Zin
The Shining One


Innate Abilities, Weirdness & Mutations

You are too large for most types of armour.
You have tough skin (AC +1).
You have a pair of large horns on your head.
Your muscles are strong. (Str +2)
Your spells are a little easier to cast, but a little less powerful.


Message History

MP restored: 7
There is an open door here.
j - 5 large rocks {!d} (gained 2)
You see here a long sword of holy wrath.
You start resting.
Health restored: 88
Okay, then.
There is an open door here.
Okay, then.
Unknown command.
Your skin hardens.
You now have 5/7 mp.
You open the door. 2 humans come into view.
The human shouts! x2
The human picks up a spear.
The human wields a spear.
Found a shield.
Found an iron altar of Okawaru and a bloodstained altar of Trog.
Aim: a human You throw a large rock {!d}.
The large rock {!d} hits the human!
The human drinks a potion.
The human seems to grow stronger.
Aim: a human (heavily wounded, unusually strong)
You throw a large rock {!d}.
The large rock {!d} barely misses the human.
Aim: a human, wielding a spear You throw a large rock {!d}.
The large rock {!d} hits the human but does no damage.
The human drinks a potion.
The human goes berserk!
The human hits you.
You take 2 damage, and have 86/88 hp.
Aim: a human, wielding a spear (berserk, fast, unusually strong)
You throw a large rock {!d}. The large rock {!d} hits the human!!
You kill the human!
Your Dodging skill increases to level 8!
Aim: a human, wielding a spear (berserk, fast, unusually strong)
You throw a large rock {!d}.
The large rock {!d} closely misses the human.
The human hits you with a spear.
You take 3 damage, and have 83/89 hp.
You aren't carrying any items that can be evoked.
Quiver which item? (- for none, * to show all) (? for menu, Esc to quit)
Quivering
b - 2 throwing nets {=f, !d} for throwing.
Aim: a human, wielding a spear (berserk, fast, unusually strong)
You throw a throwing net {=f, !d}.
The throwing net {=f, !d} hits the human.
The human is caught in the net!
The human struggles against the net.
You hit the human. You headbutt the human!
The human struggles against the net.
The net rips apart, and the human comes free!
The human hits you with a spear!
You take 13 damage, and have 70/89 hp.
You barely miss the human. The human hits you with a spear!
You take 7 damage, and have 63/89 hp.
You closely miss the human.
Your skin feels tender.
The human barely misses you. The human hits you with a spear!
You take 9 damage, and have 54/89 hp.
You barely miss the human. The human closely misses you.
The human hits you with a spear!
You take 7 damage, and have 47/89 hp.
You hit the human. The human hits you but does no damage.
You closely miss the human. The human hits you with a spear!
The human hits you with a spear.
You take 14 damage, and have 33/89 hp.
You hit the human but do no damage. The human barely misses you.
You barely miss the human. The human hits you with a spear.
The human hits you with a spear!
* * * LOW HITPOINT WARNING * * *
You take 20 damage, and have 13/89 hp.
MASSIVE DAMAGE!!
You miss the human. Your headbutt misses the human.
The human hits you with a spear!
* * * LOW HITPOINT WARNING * * *
You take 9 damage, and have 4/89 hp.
Drink which item? (? for menu, Esc to quit)
You feel much better. The human hits you but does no damage.
The human hits you with a spear!
* * * LOW HITPOINT WARNING * * *
You regained 3 hp, and now have 7/89 hp.
Drink which item? (? for menu, Esc to quit)
You feel much better. The human hits you with a spear!
You regained 20 hp, and now have 27/89 hp.
Aim: a human, wielding a spear (heavily wounded, berserk, fast, unusually strong)
You throw a throwing net {=f, !d}.
The throwing net {=f, !d} barely misses the human.
The human hits you with a spear.
* * * LOW HITPOINT WARNING * * *
You take 5 damage, and have 22/89 hp.
You hit the human. The human hits you with a spear.
* * * LOW HITPOINT WARNING * * *
The human hits you with a spear.
* * * LOW HITPOINT WARNING * * *
You take 2 damage, and have 20/89 hp.
MP restored: 7 You hit the human.
You headbutt the human! The human hits you with a spear!
* * * LOW HITPOINT WARNING * * *
You take 10 damage, and have 10/89 hp.
You hit the human. You headbutt the human. The human hits you with a spear!
You die...

▓▓▓ ▓▓▓ ..####
##.#########
.....#####..#___#__(#
......#..#..#)..#.(.
.##.[.#..#..###'#p###+##
.###..##'#..#...@......#
#.##..###...'.⌠........#
.##..####...#...######+#
.##..###....#)⌠.#
##...##.....#...#
#....#......#)###
#..##.#.....#.::#
#..#####....#___# ▓▓▓▓
▓▓▓▓▓▓▓▓▓▓


You could see a human (berserk).

Vanquished Creatures
  A deep elf priest (D)
  A water elemental (D)
  A scorpion (D)
  A wizard (D)
  Jessica (D)
  2 humans (D)
  A kobold demonologist (D)
  3 rats (D)
11 creatures vanquished.

Vanquished Creatures (others)
  2 draconian scorchers (D)
  Nessos (D)
  A yaktaur (D)
  4 plants (D)
8 creatures vanquished.

Grand Total: 19 creatures vanquished

Notes
Turn   | Place    | Note
--------------------------------------------------------------
     0 | D        | esc the Ogre Hunter began the quest for the Orb.
     0 | D        | Reached XP level 1. HP: 22/22 MP: 1/1
    11 | D        | Reached skill level 3 in Fighting
    11 | D        | Reached skill level 2 in Dodging
    34 | D        | Noticed Jessica
    35 | D        | Killed Jessica
    35 | D        | Reached skill level 5 in Fighting
    35 | D        | Reached skill level 5 in Throwing
    35 | D        | Reached skill level 3 in Dodging
    35 | D        | Reached XP level 2. HP: 29/35 MP: 2/2
    35 | D        | Reached XP level 3. HP: 34/42 MP: 3/3
    53 | D        | Killed a yaktaur
   107 | D        | Noticed a scorpion
   187 | D        | Killed a white draconian scorcher
   195 | D        | Killed a white draconian scorcher
   212 | D        | Killed a scorpion
   212 | D        | Reached skill level 7 in Fighting
   212 | D        | Reached skill level 6 in Throwing
   212 | D        | Reached skill level 4 in Dodging
   212 | D        | Reached XP level 4. HP: 52/55 MP: 4/4
   256 | D        | Killed Nessos
   383 | D        | Gained mutation: You have a pair of small horns on your head. [potion of mutation]
   383 | D        | Gained mutation: Your spells are a little easier to cast, but a little less powerful. [potion of mutation]
   384 | D        | Gained mutation: You have a pair of horns on your head. [potion of mutation]
   384 | D        | Gained mutation: Your muscles are strong. (Str +2) [potion of mutation]
   384 | D        | Gained mutation: You have a pair of large horns on your head. [potion of mutation]
   389 | D        | Noticed a water elemental
   390 | D        | Killed a water elemental
   390 | D        | Reached skill level 8 in Fighting
   390 | D        | Reached skill level 7 in Throwing
   390 | D        | Reached skill level 5 in Dodging
   390 | D        | Reached XP level 5. HP: 60/63 MP: 5/5
   405 | D        | Found a radiant altar of Vehumet.
   405 | D        | Found a deep blue altar of Sif Muna.
   405 | D        | Found an ancient bone altar of Kikubaaqudgha.
   405 | D        | Noticed a wizard
   417 | D        | Killed a wizard
   417 | D        | Reached skill level 9 in Fighting
   417 | D        | Reached skill level 6 in Dodging
   436 | D        | Learned a level 2 spell: Stoneskin
   581 | D        | Found a glowing silver altar of Zin.
   581 | D        | Found a glowing golden altar of the Shining One.
   581 | D        | Found a white marble altar of Elyvilon.
   581 | D        | Noticed a deep elf priest
   583 | D        | Killed a deep elf priest
   583 | D        | Reached skill level 11 in Fighting
   583 | D        | Reached skill level 9 in Throwing
   583 | D        | Reached skill level 7 in Dodging
   583 | D        | Reached XP level 6. HP: 74/80 MP: 6/6
   583 | D        | Reached XP level 7. HP: 81/88 MP: 7/7
   617 | D        | Found an iron altar of Okawaru.
   617 | D        | Found a bloodstained altar of Trog.
   617 | D        | Noticed a human
   617 | D        | Noticed a human
   621 | D        | Killed a human
   621 | D        | Reached skill level 8 in Dodging
   631 | D        | HP: 13/89 [human/spear (15)]
   632 | D        | HP: 4/89 [human/spear (9)]
   637 | D        | HP: 10/89 [human/spear (11)]
   638 | D        | Slain by a human

Vault maps used:
D:        dungeon_sprint_mu

Action                   |  1- 3 |  4- 6 |  7- 9 || total
-------------------------+-------+-------+-------++-------
Melee: Short sword       |    14 |     6 |    12 ||    32
Throw: Large rock        |     5 |     8 |     5 ||    18
       Throwing net      |     1 |       |     2 ||     3
 Cast: Stoneskin         |       |       |     1 ||     1
  Use: Scroll            |       |     4 |       ||     4
       Potion            |       |     3 |     2 ||     5

Vault maps used:
D:        dungeon_sprint_mu

Table legend:
 A = Turns spent in this place as a percentage of turns spent in the entire game.
 B = Non-inter-level travel turns spent in this place as a percentage of non-inter-level travel turns spent in the entire game.
 C = Inter-level travel turns spent in this place as a percentage of turns spent in this place.
 D = Turns resting spent in this place as a percentage of non-inter-level travel turns spent in this place.
 E = Turns spent auto-exploring this place as a percentage of non-inter-level travel turns spent in this place.
 F = Non-inter-level travel turns spent in this place divided by the number of levels of this place that you've seen.
                   A       B       C       D       E      F
               +-------+-------+-------+-------+-------+----------------------
         Total | 100.0 | 100.0 |   0.0 |   7.5 |   0.0 | 212.0
       Dungeon | 100.0 | 100.0 |   0.0 |   7.5 |   0.0 | 212.0
               +-------+-------+-------+-------+-------+----------------------

Table legend:
 A = Kills in this place as a percentage of kills in entire the game.
 B = Kills by you in this place as a percentage of kills by you in the entire game.
 C = Kills by friends in this place as a percentage of kills by friends in the entire game.
 D = Other kills in this place as a percentage of other kills in the entire game.
 E = Experience gained in this place as a percentage of experience gained in the entire game.
 F = Experience gained in this place divided by the number of levels of this place that you have seen.
                   A       B       C       D       E      F
               +-------+-------+-------+-------+-------+----------------------
         Total | 100.0 | 100.0 |  -nan |  -nan | 100.0 | 833.0
       Dungeon | 100.0 | 100.0 |  -nan |  -nan | 100.0 | 833.0
               +-------+-------+-------+-------+-------+----------------------
